 Dungeon Crawl Stone Soup version 0.20.1-1-g8b1a95d (webtiles) character file.

5854 Internecine the Covered (level 10, -1/76 HPs)
             Began as a Demonspawn Fighter on Sept 29, 2017.
             Was an Elder of Okawaru.
             Succumbed to something's poison gas
             ... on level 3 of the Abyss on Sept 30, 2017.
             The game lasted 01:27:00 (6935 turns).

Internecine the Covered (Demonspawn Fighter)        Turns: 6935, Time: 01:27:00

Health: -1/76      AC: 15    Str: 21    XL:     10   Next: 52%
Magic:  5/11       EV:  9    Int: 19    God:    Okawaru [****..]
Gold:   598        SH: 10    Dex: 12    Spells: 4/9 levels left

rFire    . . .     SeeInvis +   n - +10 whip "Jeiti" {slash, Str+4 Int+2 Dex-3 SInv}
rCold    . . .     Gourm    .   c - +0 shield
rNeg     . . .     Faith    .   v - +1 scale mail of Resilience {MR++ Regen+ Int+7} (curse)
rPois    .         Spirit   +   (helmet restricted)
rElec    +         Reflect  .   L - +1 cloak
rCorr    .         Harm     .   Q - +1 pair of gloves
MR       ++...                  (no boots)
Stlth    +.........             (no amulet)
Regen    0.7/turn               I - +2 ring of slaying
MPRegen  0.3/turn               Y - ring "Aschaomy" {+Blink rElec Stlth+}

@: lethally poisoned (-1 -> -17), very slow
A: antennae 1, slimy green scales 1, spiny 2, magic shield, magic regeneration
a: Heroism, Renounce Religion, Evoke Blink


You were on level 3 of the Abyss.
You worshipped Okawaru.
Okawaru was greatly pleased with you.
You were not hungry.

You visited 2 branches of the dungeon, and saw 8 of its levels.
You visited the Abyss 1 time.

You collected 598 gold pieces.

Inventory:

Hand Weapons
 n - the +10 whip "Jeiti" (weapon) {slash, Str+4 Int+2 Dex-3 SInv}
   (You found it on level 4 of the Dungeon)

   It inflicts extra damage upon your enemies.
   It affects your strength (+4).
   It affects your intelligence (+2).
   It affects your dexterity (-3).
   It lets you see invisible.
 x - a +2 flail of distortion
 D - a +6 hunting sling of flaming
Missiles
 k - 173 stones (quivered)
 m - 45 poisoned needles
 p - 43 bolts
 H - 68 sling bullets
 K - 120 arrows
Armour
 c - a +0 shield (worn)
 j - a +0 chain mail
 u - a +0 robe of positive energy
 v - the cursed +1 scale mail of Resilience (worn) {MR++ Regen+ Int+7}
   (You found it on level 7 of the Dungeon)

   It affects your intelligence (+7).
   It affects your resistance to hostile enchantments.
   It increases your rate of regeneration.
   It has a curse placed upon it.
 B - a +0 scale mail
 L - a +1 cloak (worn)
 Q - a +1 pair of gloves (worn)
 R - a +0 troll leather armour
 S - a +2 leather armour of positive energy
Magical Staves
 X - an uncursed staff of power {unknown}
Jewellery
 b - an uncursed ring of protection from fire
 I - a +2 ring of slaying (left hand)
 Y - the ring "Aschaomy" (right hand) {+Blink rElec Stlth+}
   (You found it on level 7 of the Dungeon)

   [ring of stealth]

   It insulates you from electricity.
   It lets you blink.
   It makes you more stealthy.
Wands
 a - a wand of polymorph (3/24)
 g - a wand of confusion (30/48)
 y - a wand of disintegration (7/24)
Scrolls
 e - 5 scrolls of remove curse
 l - 2 scrolls of teleportation
 w - 4 scrolls of amnesia
 G - a scroll of recharging
Potions
 d - 3 potions of might
 r - 2 potions of degeneration {unknown}
 s - a potion of lignification {unknown}
 t - a potion of ambrosia {unknown}
 C - 2 potions of resistance
 J - 2 potions of flight {unknown}
 O - a potion of agility {unknown}
 U - a potion of cancellation {unknown}
Books
 A - Sif Muna's Incunabulum of Cloudy Fire
   (You found it on level 4 of the Dungeon)

   Spells                             Type                      Level
   a - Shock                          Conjuration/Air              1
   b - Mephitic Cloud                 Conjuration/Poison/Air       3
   c - Sticky Flame                   Conjuration/Fire             4
   d - Summon Lightning Spire         Summoning/Air                4
   e - Silence                        Hexes/Air                    5
 M - a book of Minor Magic

   Spells                             Type                      Level
   a - Magic Dart                     Conjuration                  1
   b - Blink                          Translocation                2
   c - Call Imp                       Summoning                    2
   d - Slow                           Hexes                        2
   e - Conjure Flame                  Conjuration/Fire             3
   f - Mephitic Cloud                 Conjuration/Poison/Air       3
 T - a book of Beasts

   Spells                             Type                      Level
   a - Summon Butterflies             Summoning                    1
   b - Call Canine Familiar           Summoning                    3
   c - Summon Ice Beast               Ice/Summoning                4
   d - Summon Mana Viper              Hexes/Summoning              5
   e - Summon Hydra                   Summoning                    7
Miscellaneous
 o - a lightning rod (4/4)
 V - a lamp of fire
 Z - a fan of gales
Comestibles
 f - 8 bread rations
 h - 7 meat rations
 z - 15 fruits
 E - 5 royal jellies


   Skills:
 + Level 6.1 Fighting
   Level 4.3 Long Blades
 + Level 6.5 Maces & Flails
 + Level 2.7(3.2) Slings
   Level 3.7 Bows
 + Level 2.3(3.0) Throwing
 + Level 7.7 Armour
 + Level 3.1 Dodging
 + Level 1.4 Stealth
 + Level 5.5 Shields
 + Level 1.0 Invocations
 + Level 2.0 Evocations


You had 4 spell levels left.
You knew the following spells:

 Your Spells              Type           Power        Failure   Level  Hunger
a - Blink                 Tloc           N/A          95%         2    ###....
b - Conjure Flame         Conj/Fire      #.......     99%         3    ####...


Dungeon Overview and Level Annotations

Branches:
Dungeon (7/15)             Temple (1/1) D:6

Altars:
Ashenzari
Cheibriados
Dithmenos
Elyvilon
Fedhas
Gozag
Makhleb
Nemelex Xobeh
Okawaru
Qazlal
Ru
Sif Muna
Trog
Uskayaw
Vehumet
Xom
Zin
The Shining One


Innate Abilities, Weirdness & Mutations

You have a pair of small antennae on your head.
You are partially covered in slimy green scales. (AC +2)
You are mostly covered in sharp spines.
When hurt, damage is shared between your health and your magic reserves.
You regenerate magic rapidly.


Message History

You are more poisoned.
* * * LOW HITPOINT WARNING * * *
You are engulfed in poison gas.
You are lethally poisoned!
* * * LOW HITPOINT WARNING * * *
x2 You feel very sick.
* * * LOW HITPOINT WARNING * * *
You feel very sick.
A small abomination comes into view.
* * * LOW HITPOINT WARNING * * *
You feel very sick.
* * * LOW HITPOINT WARNING * * *
You feel very sick.
You enter the shallow water.
Moving in this stuff is going to be slow.
* * * LOW HITPOINT WARNING * * *
You feel very sick.
Drop what? 47/52 slots (_ for help) (? for menu, Esc to quit)
You drop 2 sedimented purple potions.
You die...

.. ≈≈≈≈ .. ....
..≈..... ... ∩...
..≈#≈.. . .... ... x≈
#≈≈.. ....# ##.##
##≈###≈≈.
...###?..###≈≈.###...#
#..#.....G.≈♣(≈#....
#.......≈3(.≈≈.......
#.≈≈@≈≈≈.#. .§.#...
.....##≈.≈.###§§
###...# ...
##≈.##§##.## ## # .
#≈≈..≈≈#.. # #...
#.....#§....#...§.
#..........§....... x
#.. .....#.....#.....
≈≈.###...###...###..
..# ##.## #.#.. ..


You could see an eye of draining and a neqoxec.

Vanquished Creatures
  A two-headed ogre (D:6)
  2 unseen horrors (D:7)
  Joseph (D:7)
  A gargoyle (D:7)
  The ghost of Tutankhamun the Cudgeler, a novice OpFi (D:5)
  A troll (D:7)
  A hippogriff (D:7)
  A wraith (D:7)
  A vampire mosquito (D:7)
  Duvessa (D:3)
  A sky beast (D:5)
  A black bear (D:7)
  3 ice beasts
  2 ogres (D:7)
  A phantom (D:6)
  4 centaurs
  A crocodile (D:6)
  4 bullfrogs
  Dowan (D:3)
  4 scorpions
  2 howler monkeys
  2 crimson imps (D:6)
  4 hounds
  A jelly (D:5)
  A centaur zombie (D:5)
  Crazy Yiuf (D:4)
  2 centaur skeletons
  An orc priest (D:3)
  2 bullfrog skeletons (D:7)
  3 orc wizards (D:4)
  6 worker ants
  A hound skeleton (D:7)
  6 adders
  An ooze (D:2)
  An adder zombie (D:7)
  An adder skeleton (D:7)
  4 worms
  2 dart slugs
  5 leopard geckos
  9 orcs
  4 ball pythons
  10 bats
  2 giant cockroaches
  4 goblins
  4 hobgoblins
  15 jackals
  7 kobolds
  3 quokkas
  4 frilled lizards
  A leopard gecko zombie (D:7)
  7 rats
149 creatures vanquished.

Vanquished Creatures (others)
  An orc wizard (D:4)
1 creature vanquished.

Grand Total: 150 creatures vanquished

Notes
Turn   | Place    | Note
-------+----------+-------------------------------------------
     0 | D:1      | Internecine the Demonspawn Fighter began the quest for the Orb.
     0 | D:1      | Reached XP level 1. HP: 18/18 MP: 1/1
   286 | D:1      | Gained mutation: You are partially covered in sharp spines. [demonic ancestry]
   286 | D:1      | Reached XP level 2. HP: 23/24 MP: 2/2
  1247 | D:2      | Reached skill level 3 in Armour
  1285 | D:2      | Reached XP level 3. HP: 24/29 MP: 3/3
  1469 | D:2      | Gained mutation: When hurt, damage is shared between your health and your magic reserves. [demonic ancestry]
  1469 | D:2      | Reached XP level 4. HP: 23/35 MP: 4/4
  2874 | D:4      | Noticed Duvessa
  2874 | D:4      | Noticed Dowan
  2884 | D:3      | Gained mutation: You have a pair of small antennae on your head. [demonic ancestry]
  2884 | D:3      | Reached XP level 5. HP: 30/42 MP: 3/5
  3274 | D:4      | Got a bloodstained whip
  3278 | D:4      | Identified the +10 whip "Jeiti" {slash, Str+4 Int+2 Dex-3 SInv} (You found it on level 4 of the Dungeon)
  3349 | D:3      | Killed Duvessa
  3349 | D:3      | Reached skill level 1 in Dodging
  3349 | D:3      | Gained mutation: You are mostly covered in sharp spines. [demonic ancestry]
  3349 | D:3      | Reached XP level 6. HP: 41/48 MP: 4/6
  3358 | D:3      | Killed Dowan
  3358 | D:3      | Reached skill level 4 in Armour
  3478 | D:4      | Found a runed door.
  3482 | D:4      | Noticed Crazy Yiuf
  3487 | D:4      | Killed Crazy Yiuf
  3603 | D:4      | Reached skill level 1 in Maces & Flails
  3609 | D:4      | Reached XP level 7. HP: 49/54 MP: 7/7
  3703 | D:4      | Learned a level 2 spell: Blink
  3707 | D:4      | Learned a level 3 spell: Conjure Flame
  3867 | D:4      | Identified Sif Muna's Incunabulum of Cloudy Fire
  4019 | D:5      | Entered Level 5 of the Dungeon
  4110 | D:5      | Found a glowing silver altar of Zin.
  4251 | D:5      | Noticed Tutankhamun's ghost (novice OpFi)
  4261 | D:5      | Killed Tutankhamun's ghost
  4261 | D:5      | Reached skill level 5 in Armour
  4261 | D:5      | Reached XP level 8. HP: 51/61 MP: 6/8
  4936 | D:6      | Found a staircase to the Ecumenical Temple.
  4946 | Temple   | Entered the Ecumenical Temple
  4973 | Temple   | Became a worshipper of Warmaster Okawaru
  5004 | D:6      | Reached skill level 5 in Fighting
  5155 | D:6      | Reached skill level 6 in Armour
  5431 | D:7      | Reached skill level 1 in Throwing
  5439 | D:7      | Reached * piety under Okawaru
  5439 | D:7      | Reached skill level 5 in Maces & Flails
  5439 | D:7      | Gained mutation: You are partially covered in slimy green scales. (AC +2) [demonic ancestry]
  5439 | D:7      | Reached XP level 9. HP: 44/68 MP: 5/9
  5465 | D:7      | Got a glittering tin ring
  5467 | D:7      | Identified the ring "Aschaomy" {+Blink rElec Stlth+} (You found it on level 7 of the Dungeon)
  5494 | D:7      | Noticed an unseen horror
  5496 | D:7      | Noticed a two-headed ogre
  5812 | D:6      | Killed a two-headed ogre
  5812 | D:6      | Reached skill level 1 in Bows
  5812 | D:6      | Reached skill level 5 in Shields
  5812 | D:6      | Reached skill level 1 in Evocations
  5985 | D:6      | Reached ** piety under Okawaru
  6024 | D:7      | Killed an unseen horror
  6024 | D:7      | Reached skill level 7 in Armour
  6088 | D:7      | Got a bloodstained scale mail
  6095 | D:7      | Reached skill level 1 in Invocations
  6101 | D:7      | Reached *** piety under Okawaru
  6139 | D:7      | Gained mutation: You regenerate magic rapidly. [demonic ancestry]
  6139 | D:7      | Reached XP level 10. HP: 69/76 MP: 11/11
  6220 | D:7      | Identified the cursed +1 scale mail of Resilience {MR++ Regen+ Int+7} (You found it on level 7 of the Dungeon)
  6284 | D:7      | Reached skill level 1 in Stealth
  6331 | D:7      | Noticed an unseen horror
  6344 | D:7      | Killed an unseen horror
  6344 | D:7      | Reached skill level 1 in Slings
  6527 | D:7      | Found a sacrificial altar of Ru.
  6528 | D:7      | Found a sparkling altar of Nemelex Xobeh.
  6557 | D:7      | Noticed Joseph
  6568 | D:7      | Killed Joseph
  6568 | D:7      | Reached **** piety under Okawaru
  6837 | D:7      | Noticed a gargoyle
  6850 | D:7      | Killed a gargoyle
  6861 | D:7      | Cast into level 3 of the Abyss (a distortion unwield)
  6922 | Abyss:3  | Noticed a green death
  6934 | Abyss:3  | HP: 1/76 [poisoned by something (poison gas)]
  6935 | Abyss:3  | Succumbed to something's poison gas

Skill      XL: |  1  2  3  4  5  6  7  8  9 10 |
---------------+-------------------------------+-----
Long Blades    | 2 3 4 |  4.3
Shields        | 3 4 5 |  5.5
Armour         | 3 4 5 6 7 |  7.7
Dodging        | 1 2 3 |  3.1
Fighting       | 4 5 6 |  6.1
Maces & Flails | 1 3 5 6 |  6.5
Throwing       | 1 2 |  2.3
Bows           | 2 3 |  3.7
Evocations     | 1 2 |  2.0
Invocations    | 1 |  1.0
Stealth        | 1 |  1.4
Slings         | 2 |  2.7

Action                   |  1- 3 |  4- 6 |  7- 9 | 10-12 || total
-------------------------+-------+-------+-------+-------++-------
Melee: Long sword        |    77 |    60 |       |       ||   137
       Whip              |       |    50 |   125 |    37 ||   212
 Fire: Shortbow          |       |       |    21 |       ||    21
       Hunting sling     |       |       |       |    48 ||    48
Throw: Stone             |     3 |     4 |    17 |     8 ||    32
Invok: Heroism           |       |       |     1 |     1 ||     2
 Abil: Evoke Blink       |       |       |     3 |     1 ||     4
Evoke: Wand              |       |     1 |       |       ||     1
  Use: Potion            |       |     3 |     2 |       ||     5
       Scroll            |       |     1 |     8 |     7 ||    16
 Stab: Distracted        |       |       |       |     1 ||     1
  Eat: Chunk             |     2 |     6 |     6 |     3 ||    17
       Meat ration       |       |     1 |       |       ||     1
       Fruit             |       |       |     2 |       ||     2
Armor: Scale mail        |    24 |    27 |    51 |    15 ||   117
       Chain mail        |       |    43 |       |       ||    43
       Ring mail         |       |     1 |       |       ||     1
Dodge: Dodged            |    19 |    41 |    57 |     8 ||   125
Block: Shield            |    29 |    24 |    57 |    20 ||   130
       Buckler           |     1 |    11 |       |       ||    12
       Rpst.: Long sword |     6 |    10 |       |       ||    16
